 Dungeon Crawl Stone Soup version 0.29-a0-314-gb00dd7cb4b (webtiles) character file.

Game seed: 3566350520610085824

492878 Flugkiller the Impassioned (level 24, -3/173 HPs)
             Began as a Gnoll Summoner on Mar 28, 2022.
             Was a Follower of Uskayaw.
             Engulfed by a death drake's foul pestilence (11 damage)
             ... summoned by a white draconian stormcaller
             ... on level 1 of the Realm of Zot on Mar 29, 2022.
             The game lasted 02:02:40 (52362 turns).

Flugkiller the Impassioned (Gnoll Summoner)        Turns: 52362, Time: 02:02:41

Health: -3/173     AC: 47    Str: 18    XL:     24   Next: 76%
Magic:  25/44      EV: 16    Int: 27    God:    Uskayaw [*.....]
Gold:   3366       SH:  0    Dex: 20    Spells: 24/57 levels left

rFire   + . .      SeeInvis +   G - +8 longbow "Zephyr" {speed, Dex+3 SInv}
rCold   + + +      Faith    +   (shield currently unavailable)
rNeg    . . .      Spirit   .   H - +14 plate armour "Yraarph" {rElec}
rPois   .          Reflect  .   v - +0 helmet of Skepticism {rC++ Will+}
rElec   +          Harm     .   x - +1 cloak of the Good {Regen+}
rCorr   .          Rampage  .   R - +2 pair of gloves
Will    ++++.                   s - +2 pair of boots of the Scribe {Will+ Str+4 Int+2 Slay+3}
Stlth   ++++......              O - amulet of faith
HPRegen 1.18/turn               X - ring "Botuot" {rF+ rC+}
MPRegen 0.29/turn               W - ring "Pucvidui" {AC+4 Int+5}

@: lethally poisoned (-3 -> -22), very slightly contaminated
A: fangs 1, strong nose, distributed training, thin skeletal structure 1, see
invisible, frail 1, strong-willed 1, strong 1, sturdy frame 1
}: 3/15 runes: serpentine, barnacled, silver
a: Renounce Religion, Stomp


You were on level 1 of the Realm of Zot.
You worshipped Uskayaw.
Uskayaw was most pleased with you.
You visited 9 branches of the dungeon, and saw 42 of its levels.
You visited the Abyss 1 time.
You also visited: Ossuary, Gauntlet and Ice Cave.

You collected 7079 gold pieces.
You spent 3713 gold pieces at shops.

Inventory:

Hand Weapons
 G - the +8 longbow "Zephyr" (weapon) {speed, Dex+3 SInv}
   (You took it off a minotaur in a Gauntlet)

   Attacks with this weapon are significantly faster.
   Dex:       It affects your dexterity (+3).
   SInv:      It lets you see invisible.
Missiles
 L - 13 curare-tipped darts
 N - 3 throwing nets
Armour
 s - the +2 pair of boots of the Scribe (worn) {Will+ Str+4 Int+2 Slay+3}
   (You bought it in a shop on level 2 of the Dungeon)

   Str:       It affects your strength (+4).
   Int:       It affects your intelligence (+2).
   Slay:      It affects your accuracy & damage with ranged weapons and melee
   (+3).
   Will:      It increases your willpower.
 v - the +0 helmet of Skepticism (worn) {rC++ Will+}
   (You bought it in a shop on level 4 of the Depths)

   rC:        It greatly protects you from cold.
   Will:      It increases your willpower.
 x - the +1 cloak of the Good (worn) {Regen+}
   (You found it on level 7 of the Dungeon)

   Regen:     It increases your rate of health regeneration.
 H - the +14 plate armour "Yraarph" (worn) {rElec}
   (You bought it in a shop on level 1 of the Vaults)

   rElec:     It insulates you from electricity.
 K - the +1 helmet of the King of the Hill {Str+3}
   (You found it in a Gauntlet)

   Str:       It affects your strength (+3).
 R - a +2 pair of gloves (worn)
   (You found it on level 6 of the Lair of Beasts)
Jewellery
 j - a +4 ring of slaying
   (You bought it in a shop on level 2 of the Orcish Mines)
 O - an amulet of faith (around neck)
   (You found it in an ice cave)
 S - the amulet of Kixoecau {Acrobat rCorr Slay+3}
   (You found it on level 9 of the Dungeon)

   [amulet of the acrobat]

   It increases your evasion while moving and waiting.
   Slay:      It affects your accuracy & damage with ranged weapons and melee
   (+3).
   rCorr:     It protects you from acid and corrosion.
 V - the ring "Nocay" {rElec rPois rN+ Dex-4}
   (You took it off a centaur warrior on level 9 of the Dungeon)

   [ring of positive energy]

   Dex:       It affects your dexterity (-4).
   rElec:     It insulates you from electricity.
   rPois:     It protects you from poison.
   rN:        It protects you from negative energy.
 W - the ring "Pucvidui" (right hand) {AC+4 Int+5}
   (You found it in a Gauntlet)

   [ring of protection]

   AC:        It affects your AC (+4).
   Int:       It affects your intelligence (+5).
 X - the ring "Botuot" (left hand) {rF+ rC+}
   (You took it off a tengu warrior on level 9 of the Dungeon)

   [ring of protection from cold]

   rF:        It protects you from fire.
   rC:        It protects you from cold.
Wands
 a - a wand of digging (40)
   (You took it off Fannar on level 1 of the Lair of Beasts)
 r - a wand of mindburst (30)
   (You found it on level 4 of the Shoals)
 u - a wand of iceblast (33)
   (You found it on level 4 of the Dungeon)
 M - a wand of acid (25)
   (You found it on level 8 of the Dungeon)
 P - a wand of paralysis (5)
   (You found it on level 8 of the Dungeon)
 Q - a wand of charming (7)
   (You found it on level 4 of the Lair of Beasts)
 Y - a wand of flame (27)
   (You found it on level 2 of the Snake Pit)
Scrolls
 i - 8 scrolls of immolation
 l - 8 scrolls of fear
 m - 10 scrolls of amnesia
 t - 14 scrolls of teleportation
 z - 3 scrolls of blinking
 E - 5 scrolls of fog
 I - 7 scrolls of vulnerability
 J - a scroll of summoning
 T - 8 scrolls of magic mapping
 U - 4 scrolls of enchant armour
Potions
 b - 9 potions of magic
 d - a potion of might
 e - a potion of mutation
 g - 3 potions of ambrosia
 h - 11 potions of haste
 k - 4 potions of attraction
 n - 3 potions of resistance
 p - 3 potions of flight
 q - 14 potions of curing
 y - 6 potions of lignification
 C - 10 potions of brilliance
 D - 7 potions of cancellation
 F - 3 potions of invisibility
Miscellaneous
 c - a condenser vane (inert)
   (You found it on level 14 of the Dungeon)
 f - a phantom mirror
   (You found it on level 14 of the Dungeon)
 o - a tin of tremorstones (2/2)
   (You found it in a Gauntlet)
 A - a box of beasts
   (You found it on level 5 of the Vaults)
 Z - a phial of floods
   (You found it on level 10 of the Dungeon)


   Skills:
 + Level 16.5 Fighting
 + Level 16.5 Short Blades
 + Level 16.5 Long Blades
 + Level 16.5 Axes
 + Level 16.5 Maces & Flails
 + Level 16.5 Polearms
 + Level 16.5 Staves
 + Level 16.5 Slings
 + Level 16.5 Bows
 + Level 16.5 Crossbows
 + Level 16.5 Throwing
 + Level 16.5 Armour
 + Level 17.1 Dodging
 + Level 17.0 Stealth
 + Level 16.5 Shields
 + Level 16.5 Unarmed Combat
 + Level 17.2 Spellcasting
 + Level 14.1 Conjurations
 + Level 14.1 Hexes
 + Level 15.6 Summonings
 + Level 14.1 Necromancy
 + Level 14.1 Translocations
 + Level 14.1 Transmutations
 + Level 14.1 Fire Magic
 + Level 14.1 Ice Magic
 + Level 14.1 Air Magic
 + Level 14.1 Earth Magic
 + Level 14.1 Poison Magic
 + Level 17.9 Invocations
 + Level 16.5 Evocations


You had 24 spell levels left.
You knew the following spells:

 Your Spells              Type           Power      Damage    Failure   Level
a - Ozocubu's Armour      Ice            79%        N/A       1%          3
b - Call Canine Familiar  Summ           82%        N/A       1%          3
c - Summon Lightning Spi  Summ/Air       80%        N/A       1%          4
d - Cause Fear            Hex            39%        N/A       1%          4
e - Metabolic Englaciati  Hex/Ice        39%        N/A       1%          5
f - Leda's Liquefaction   Hex/Erth       39%        N/A       1%          4
g - Borgnjor's Vile Clut  Necr/Erth      39%        N/A       1%          5
i - Irradiate             Conj/Tmut      39%        3d26      1%          5

Your spell library contained the following spells:

 Spells                   Type           Power      Damage    Failure   Level
 Animate Skeleton         Necr           100%       N/A       1%          1
 Freeze                   Ice            100%       1d11      1%          1
 Pain                     Necr           100%       1d9       1%          1
 Sandblast                Erth           100%       2d20      1%          1
 Shock                    Conj/Air       100%       1d9       1%          1
 Slow                     Hex            100%       N/A       1%          1
 Sting                    Tmut/Pois      100%       1d8       1%          1
 Summon Small Mammal      Summ           100%       N/A       1%          1
 Blink                    Tloc           100%       N/A       1%          2
 Call Imp                 Summ           82%        N/A       1%          2
 Corpse Rot               Necr/Air       100%       N/A       1%          2
 Ensorcelled Hibernation  Hex/Ice        100%       N/A       1%          2
 Passwall                 Tmut/Erth      65%        N/A       1%          2
 Poisonous Vapours        Pois/Air       100%       N/A       1%          2
 Static Discharge         Conj/Air       79%        N/A       1%          2
 Confusing Touch          Hex            79%        N/A       1%          3
 Conjure Flame            Conj/Fire      79%        6-21      1%          3
 Dazzling Flash           Conj/Hex       100%       N/A       1%          3
 Frozen Ramparts          Ice            100%       1d12      1%          3
 Gell's Gravitas          Tloc           79%        N/A       1%          3
 Ignite Poison            Fire/Tmut/Pois 79%        N/A       1%          3
 Lesser Beckoning         Tloc           79%        N/A       1%          3
 Portal Projectile        Hex/Tloc       100%       N/A       1%          3
 Spider Form              Tmut/Pois      79%        N/A       1%          3
 Stone Arrow              Conj/Erth      100%       3d13      1%          3
 Summon Guardian Golem    Hex/Summ       80%        N/A       1%          3
 Swiftness                Air            79%        N/A       1%          3
 Teleport Other           Tloc           79%        N/A       1%          3
 Tukima's Dance           Hex            79%        N/A       1%          3
 Vampiric Draining        Necr           79%        2d11      1%          3
 Airstrike                Air            39%        N/A       1%          4
 Anguish                  Hex/Necr       39%        N/A       1%          4
 Hailstorm                Conj/Ice       79%        3d16      1%          4
 Ice Form                 Ice/Tmut       79%        N/A       1%          4
 Olgreb's Toxic Radiance  Pois           79%        N/A       1%          4
 Passage of Golubria      Tloc           79%        N/A       1%          4
 Sticky Flame             Conj/Fire      79%        2d9       1%          4
 Agony                    Necr           79%        N/A       1%          5
 Blade Hands              Tmut           39%        N/A       1%          5
 Excruciating Wounds      Necr           39%        N/A       1%          5
 Lightning Bolt           Conj/Air       39%        1d58      1%          5
 Manifold Assault         Tloc           79%        N/A       1%          5
 Silence                  Hex/Air        39%        N/A       1%          5
 Summon Forest            Summ/Tloc      40%        N/A       1%          5
 Yara's Violent Unravell  Hex/Tmut       39%        3d16      1%          5
 Dispersal                Tloc           39%        N/A       7%          6
 Simulacrum               Ice/Necr       39%        N/A       7%          6
 Malign Gateway           Summ/Tloc      40%        N/A       28%         7
 Dragon Form              Tmut           39%        N/A       36%         7
 Enfeeble                 Hex            39%        N/A       36%         7
 Ozocubu's Refrigeration  Ice            39%        4d12      36%         7
 Disjunction              Tloc           39%        N/A       96%         8
 Ignition                 Fire           39%        3d12      96%         8
 Lehudib's Crystal Spear  Conj/Erth      39%        10d10     96%         8
 Maxwell's Capacitive Co  Air            39%        ∞         96%         8
 Dragon's Call            Summ           41%        N/A       100%        9


Dungeon Overview and Level Annotations

Branches:
Dungeon (15/15)            Temple (1/1) D:7            Lair (6/6) D:10
 Shoals (4/4) Lair:3        Snake (4/4) Lair:4        Slime (0/5) Lair:5
    Orc (2/2) D:10            Elf (0/3) Orc:2        Vaults (5/5) D:13
  Crypt (0/3) Vaults:3     Depths (4/4) D:15            Zot (1/5) Depths:4
Ossuary (visited)           IceCv (visited)         Gauntlet (visited)

Altars:
Dithmenos
Okawaru
Qazlal
Ru
Trog
Uskayaw
Vehumet
Wu Jian
Zin
Lugonu

Shops:
D:2 *   D:4 (   D:5 *   D:11 :   D:12 !   Orc:2 =*[[   Shoals:3 *   Snake:1 [
Snake:2 (   Snake:4 [   Vaults:1 [   Vaults:2 (   Vaults:3 =   Depths:4 :[*[

Portals:
Hell: Depths:1 Depths:2 Depths:3 Depths:4
Abyss: Lair:6 Depths:1 Depths:3
Pandemonium: Depths:2 Depths:4
Ziggurat: Depths:3
Trove: Vaults:1 (give +5 ice dragon scales)

Annotations:
D:7 2 transporters, Tutankhamun's ghost, novice DsGl
D:9 2 runed translucent doors, P0WERM0DE's ghost, novice TrCK
Shoals:3 Roxanne
Vaults:3 3 runed translucent doors, Kuomush's ghost, veteran DgAE; Plog's ghost, adept FeBe
Vaults:4 2 transporters, Wyasic's ghost, veteran SpEn


Innate Abilities, Weirdness & Mutations

You have very sharp teeth.
Your uncanny sense of smell can sniff out nearby items.
Your experience applies equally to all skills.
You have a somewhat thin skeletal structure. (Dex +2, Stealth+)
You have supernaturally acute eyesight. (SInv)
You are frail. (-10% HP)
You are strong-willed. (Will+)
Your muscles are strong. (Str +2)
Your movements are slightly less encumbered by armour. (ER -2)


Message History

The red draconian breathes fire at you.
The searing blast hits you but does no damage.
You hear a roar! x2
Shoot: G) +8 longbow "Zephyr" {speed, Dex+3 SInv}
Press: ? - help, Q - select action, (/) - cycle Shift-Dir - straight line, f/p - green draconian
Aim: a green draconian, wielding a +0 trident (poison gas, lightly wounded, slow, 79% to hit)
You shoot an arrow. The arrow hits the green draconian.
The green draconian is lightly wounded.
You are engulfed in blazing flames.
You resist.
You feel sick.
The white draconian stormcaller prays to Qazlal.
The green draconian hits you but does no damage.
The green draconian misses you.
Casting: Metabolic Englaciation (mildly dangerous; 1% risk of failure)
Confirm with . or Enter, or press ? or * to list all spells.
You erupt in a fountain of uncontrolled magic!
The green draconian is blasted with magical radiation!!!
The green draconian is heavily wounded.
The green draconian twists and deforms.
The tentacled monstrosity is blasted with magical radiation!!!
The tentacled monstrosity is heavily wounded.
The tentacled monstrosity twists and deforms.
You are engulfed in blazing flames.
You resist.
You feel sick.
The tentacled monstrosity tentacle-slaps you but does no damage.
The tentacled monstrosity barely misses you.
The tentacled monstrosity tentacle-slaps you but does no damage.
The tentacled monstrosity grabs you.
The tentacled monstrosity constricts you.
A yellow draconian annihilator comes into view.
It is wielding a +2 dagger of draining.
A red draconian scorcher comes into view.
It is wielding a +0 long sword.
The wind drake flaps its wings at you. The air twists around and strikes you.
The green draconian hits you but does no damage.
The green draconian tail-slaps you but does no damage.
You can now merge with and destroy a victim.
Aiming: Grand Finale
Press: ? - help, Shift-Dir - straight line, f - black draconian knight, p - green draconian
Aim: a black draconian knight, wielding a +0 vampiric battleaxe and wearing a +0 cloak (moderately wounded, slightly transparent, slow, misshapen and mutated)
The black draconian knight explodes violently!
The rime drake is hit by a flying piece of the black draconian knight!
The green draconian is hit by a flying piece of the black draconian knight!
You blow up the black draconian knight!
The tentacled monstrosity loses its grip on you.
You can no longer merge with and destroy a victim.
You feel sick.
The white draconian stormcaller utters an invocation to Qazlal.
The green draconian breathes poison at you.
The blast of poison engulfs you but does no damage.
You are more poisoned.
Unknown command.
You are engulfed in poison gas.
You are more poisoned.
You feel extremely sick.
The white draconian stormcaller invokes the aid of Qazlal against you.
Qazlal smites you!
* * * LOW HITPOINT WARNING * * *
The storm dragon is engulfed in poison gas.
The storm dragon is poisoned.
Unknown command.
You feel very sick.
The storm dragon is engulfed in poison gas.
The storm dragon looks even sicker.
The komodo dragon is engulfed in poison gas.
The komodo dragon is poisoned.
You feel very sick.
You feel very sick.
You feel very sick.
You feel sick.
You feel sick.
You see here a +0 dagger.
You feel sick.
You feel sick.
You feel sick.
You feel sick.
You feel sick.
You feel sick.
You are no longer poisoned.
The death drake breathes miasma at you.
You are engulfed in dark miasma.
You are poisoned.
* * * LOW HITPOINT WARNING * * *
You feel very sick.
Unknown command.
You feel better.
You are engulfed in dark miasma.
You are poisoned.
* * * LOW HITPOINT WARNING * * *
You feel very sick.
Blink to where?
Press: ? - help, Dir - move target
As you read the scroll of blinking, it crumbles to dust.
You feel very sick.
Unknown command.
Unknown command.
You feel very sick.
You feel very sick.
You feel very sick.
You feel sick. The death drake breathes miasma at you.
You are engulfed in dark miasma.
You are lethally poisoned!
You die...

##.........).###X.###○#####
##............#.k..# *....☼○
##.(...##.......☼...######...
#...>.##...#...☼......#,.....
##..[>##.#.##.○°.......###....
#..####.#.##○○☼......###......
####.#########.○☼○○......#*###...
#..##...# ##.○○###......#*,*####
*#......# #.##.@..........,,,,,,
##..#### #..##..###......,,,,,,
##..#######..##.....###..,,,,,*
##..##.###...##..###*,*,,,,***
##.....#.........####*,,,,,,,
##..........#......#**,,,,,,
##...........>....##*,,,,,*
##..#.............#*,,,,,,
##.##.#..##..######,,,,,,


There were no monsters in sight!

Vanquished Creatures
  A dread lich (Vaults:5)
  Mara (Snake:3)
  A juggernaut (Depths:1)
  Saint Roka (Vaults:5)
  A caustic shrike (Depths:3)
  2 golden dragons
  Nikola (Shoals:4)
  the Enchantress (Depths:3)
  An electric golem (Zot:1)
  A bone dragon (Depths:3)
  8 tentacled monstrosities
  4 liches
  Mlioglotl (Shoals:3)
  9 titans
  A walking frostbound tome (Depths:2)
  A kraken (Shoals:3)
  A tentacled starspawn (Abyss:3)
  Polyphemus (Shoals:3)
  2 death cobs (Zot:1)
  7 sphinxes
  7 shadow dragons
  4 tengu reavers
  7 nagarajas
  A fenstrider witch (Shoals:2)
  A storm dragon (Zot:1)
  A draconian knight (Zot:1)
  3 draconian monks
  A deep elf sorcerer (Vaults:5)
  Ilsuiw (Shoals:2)
  13 fire giants
  7 frost giants
  3 iron dragons (Vaults:5)
  An emperor scorpion (Depths:3)
  18 vault wardens
  Aizul (Snake:1)
  A draconian scorcher (Zot:1)
  An orc warlord (Vaults:3)
  A reaper (IceCv)
  7 spriggan defenders
  A draconian shifter (Zot:1)
  21 stone giants
  16 ironbound preservers
  7 caustic shrike skeletons
  6 ironbound thunderhulks
  19 very ugly things
  5 green draconians
  4 war gargoyles
  5 vampire knights
  3 entropy weavers
  3 deep elf annihilators (Vaults:5)
  2 eleionomae (Depths:3)
  A yellow draconian (Depths:4)
  A deep elf demonologist (Vaults:5)
  Azrael (D:13)
  A red draconian (Zot:1)
  A minotaur (Gauntlet)
  2 purple draconians
  A black draconian (Depths:4)
  A deep elf death mage (Vaults:5)
  A spark wasp (Depths:2)
  5 dire elephants (Depths:2)
  A minotaur (shapeshifter) (Gauntlet)
  3 jiangshi (Depths:1)
  3 crystal guardians
  8 ettins
  8 merfolk javelineers
  A fire dragon (shapeshifter) (D:14)
  11 merfolk impalers
  3 fire dragons
  14 yaktaur captains
  4 deep elf high priests (Vaults:5)
  Fannar (Lair:1)
  A boulder beetle (Vaults:2)
  2 rakshasas (Depths:1)
  9 naga warriors
  7 hydras
  3 ice dragons (Depths:4)
  35 vault guards
  3 peacekeepers
  13 centaur warriors
  3 salamander tyrants (Snake:4)
  2 ogre magi (Orc:2)
  A catoblepas (Shoals:3)
  A death knight (D:14)
  9 ironbound frosthearts
  6 anacondas
  A satyr (shapeshifter) (Depths:1)
  8 two-headed ogres
  2 satyrs
  4 spriggan air magi (Depths:3)
  2 alligator snapping turtles
  4 merfolk aquamancers (Shoals:4)
  2 hell hogs (Depths:4)
  A tengu warrior (Depths:2)
  20 death yaks
  4 deep troll shamans
  7 deep troll earth magi
  12 naga sharpshooters
  2 thrashing horrors (Lair:6)
  A vampire mage (Depths:1)
  7 spriggan berserkers
  Urug (Lair:2)
  16 hell knights
  A shock serpent (shapeshifter) (D:13)
  8 shock serpents
  A soul eater (Depths:4)
  8 iron trolls
  4 sun demons (Depths:4)
  Nergalle (Lair:1)
  A fire crab (shapeshifter) (Depths:2)
  A wretched star (Abyss:2)
  7 spriggan druids (Depths:3)
  5 sea snakes
  A death drake (shapeshifter) (Depths:2)
  A salamander mystic (Snake:4)
  2 skeletal warriors (D:13)
  2 glowing orange brains
  44 deep trolls
  7 naga ritualists
  14 ironbound convokers
  7 lindwurms
  9 wizards
  A shadow dragon zombie (Depths:1)
  12 harpies
  A lindwurm (shapeshifter) (Gauntlet)
  3 phantasmal warriors
  10 necromancers
  3 deep elf archers (Depths:3)
  3 orc knights (Vaults:3)
  An anaconda skeleton (Abyss:2)
  2 deep elf pyromancers (D:14)
  A mana viper (shapeshifter) (Lair:6)
  10 mana vipers
  A fire giant zombie (Depths:2)
  4 orc sorcerers
  17 manticores
  A worldbinder (Abyss:2)
  3 fauns (Shoals:2)
  36 ugly things
  8 cyclopes
  17 salamanders
  6 moths of wrath
  A moth of wrath (shapeshifter) (Depths:4)
  10 merfolk sirens
  11 water nymphs
  A human skeleton (Vaults:3)
  12 elephants
  2 ice statues (IceCv)
  23 black mambas
  23 vault sentinels
  5 guardian serpents
  18 naga magi
  3 gargoyles
  5 cane toads
  A storm dragon simulacrum (Depths:1)
  6 smoke demons
  2 unseen horrors
  A hellion (Depths:2)
  4 freezing wraiths
  2 orange demons
  46 yaktaurs
  4 kobold demonologists
  2 tengu conjurers
  4 efreet
  An entropy weaver simulacrum (IceCv)
  An anaconda simulacrum (IceCv)
  5 komodo dragons
  A komodo dragon (shapeshifter) (D:13)
  A yaktaur (shapeshifter) (D:13)
  A spriggan skeleton (Depths:1)
  2 ice devils (IceCv)
  3 ancient zymes
  A red devil (Depths:2)
  10 trolls
  A polar bear (Lair:6)
  30 merfolk
  13 wind drakes
  A tarantella (Vaults:4)
  A wind drake (shapeshifter) (Gauntlet)
  16 hornets
  25 slime creatures
  5 dream sheep (Lair:6)
  A raiju (Abyss:2)
  A human simulacrum (Vaults:3)
  7 snapping turtles
  A spriggan zombie (Depths:1)
  30 blink frogs
  Sigmund (D:4)
  45 spriggans
  9 air elementals (Shoals:4)
  4 ynoxinuls
  3 shadows (Gauntlet)
  4 wraiths
  4 wyverns
  Eustachio (D:4)
  11 large abominations
  22 water elementals
  46 yaks
  7 basilisks
  A steam dragon (D:7)
  6 redbacks
  4 chaos spawn
  5 fire elementals (D:13)
  7 vampire mosquitoes
  A death yak simulacrum (IceCv)
  A swamp worm (shapeshifter) (Vaults:5)
  42 nagas
  4 acid dragons
  3 hell hounds (D:13)
  3 wargs
  A floating eye (Depths:1)
  14 water moccasins
  2 black bears (D:6)
  13 orc warriors
  5 wolves (Lair:4)
  A boggart (Vaults:1)
  21 ogres
  8 centaurs
  A phantom (D:6)
  2 elf simulacra (Vaults:3)
  4 kobold brigands
  2 gnoll sergeants
  A necrophage (D:5)
  2 scorpions
  2 elf skeletons (D:5)
  A cane toad simulacrum (IceCv)
  3 bullfrogs
  2 two-headed ogre simulacra (IceCv)
  10 small abominations
  8 wights
  14 killer bees
  A howler monkey (D:14)
  A howler monkey (shapeshifter) (Depths:1)
  A crimson imp (Abyss:2)
  5 starcursed masses (Abyss:3)
  A jelly (D:8)
  5 orc priests
  3 human zombies
  A hound (D:5)
  An iron imp (Abyss:2)
  4 iguanas
  12 orc wizards
  3 spriggan simulacra
  4 troll simulacra (IceCv)
  2 wolf simulacra (IceCv)
  A mummy (Ossuary)
  8 gnolls
  3 adders
  A naga simulacrum (IceCv)
  3 white imps
  2 ufetubi
  2 worms
  A worm (shapeshifter) (D:14)
  A dart slug (D:1)
  60 orcs
  5 ball pythons
  4 endoplasms
  3 giant cockroaches
  6 goblins
  9 hobgoblins
  29 kobolds
  6 quokkas
  2 bats (D:1)
  A frilled lizard (D:3)
  2 kobold zombies (Ossuary)
  An orc skeleton (D:5)
  An orc zombie (D:5)
  2 rats
  4 tentacles (Shoals:3)
1638 creatures vanquished.

Vanquished Creatures (collateral kills)
  Parghit (Depths:4)
  A shadow dragon (Depths:4)
  An ironbound preserver (Vaults:4)
  An entropy weaver (shapeshifter) (Lair:6)
  A yaktaur captain (Vaults:4)
  2 boulder beetles
  3 hydras
  2 ice dragons (D:15)
  2 centaur warriors (Vaults:1)
  A catoblepas (Gauntlet)
  4 two-headed ogres
  The ghost of Lonelite the Thaumaturge, a journeyman DECj of Kikubaaqudgha (Lair:3)
  Erica (Lair:1)
  2 death yaks (Lair:4)
  A tengu warrior (D:9)
  Sonja (D:10)
  A thrashing horror (Lair:6)
  An iron troll (D:13)
  A skeletal warrior (D:13)
  4 deep trolls
  5 ugly things
  A cyclops (D:10)
  5 elephants
  Joseph (D:8)
  A vault sentinel (Vaults:1)
  4 black mambas
  5 cane toads
  Maggie (D:8)
  11 komodo dragons
  5 yaktaurs (Vaults:1)
  2 ice devils (IceCv)
  An entropy weaver simulacrum (IceCv)
  A troll (D:11)
  A freezing wraith (D:13)
  An ancient zyme (Lair:6)
  A polar bear (Lair:3)
  A slime creature (D:10)
  A dream sheep (Lair:6)
  13 blink frogs
  A wraith (D:10)
  A shadow (D:5)
  27 yaks
  A vampire (D:9)
  2 spriggans (Lair:1)
  5 wyverns
  4 basilisks
  A chaos spawn (Lair:6)
  3 vampire mosquitoes
  Menkaure (D:7)
  3 nagas (Lair:4)
  11 water moccasins
  An ice beast (D:6)
  A black bear (D:5)
  A sky beast (D:7)
  3 orc warriors
  2 ogres
  2 centaurs (D:9)
  A kobold brigand (D:7)
  2 bullfrogs
  A necrophage (D:4)
  3 small abominations (Lair:6)
  4 wights
  7 killer bees
  An electric eel (Lair:2)
  A gnoll shaman (D:6)
  4 orc priests
  Terence (D:3)
  An iguana (D:10)
  5 orc wizards
  A troll simulacrum (IceCv)
  A polar bear simulacrum (IceCv)
  7 mummies (Ossuary)
  Robin (D:3)
  8 gnolls
  An adder (D:3)
  2 white imps
  A worm (D:3)
  12 orcs
  A ball python (D:1)
  2 giant cockroaches (D:2)
  7 goblins (D:3)
  3 hobgoblins
  4 jackals (D:1)
  A bat (D:1)
  2 frilled lizards
  2 hobgoblin zombies (Ossuary)
  5 kobolds
  2 kobold zombies (Ossuary)
  An orc skeleton (D:5)
  2 orc zombies (Ossuary)
  3 rats
263 creatures vanquished.

Vanquished Creatures (others)
  A naga warrior (Snake:2)
  A merfolk aquamancer (Shoals:4)
  A wind drake (Shoals:4)
  A water elemental (Shoals:4)
  2 nagas
  A bush (Lair:6)
  41 fungi
  113 plants
  2 starspawn tentacles (Abyss:3)
  27 tentacles (Shoals:3)
  4 withered plants (Vaults:3)
194 creatures vanquished.

Grand Total: 2095 creatures vanquished

Notes
Turn   | Place    | Note
-------+----------+-------------------------------------------
     0 | D:1      | Flugkiller the Gnoll Summoner began the quest for the Orb.
     0 | D:1      | Reached XP level 1. HP: 13/13 MP: 6/6
   417 | D:1      | Reached XP level 2. HP: 19/19 MP: 5/7
   438 | D:1      | Found a faded altar of an unknown god.
  1051 | D:1      | Reached XP level 3. HP: 19/25 MP: 9/9
  1402 | D:1      | Reached skill level 5 in Spellcasting
  1672 | D:2      | Reached skill level 1 in Invocations
  1693 | D:2      | Found Onwa's Assorted Antiques.
  1707 | D:2      | Bought a viscous green potion for 14 gold pieces
  1707 | D:2      | Bought a bubbling emerald potion for 14 gold pieces
  1707 | D:2      | Bought a lumpy green potion for 14 gold pieces
  1707 | D:2      | Bought a murky black potion for 14 gold pieces
  2468 | D:3      | Reached skill level 1 in Fighting
  2468 | D:3      | Reached skill level 1 in Short Blades
  2468 | D:3      | Reached skill level 1 in Long Blades
  2468 | D:3      | Reached skill level 1 in Axes
  2468 | D:3      | Reached skill level 1 in Maces & Flails
  2468 | D:3      | Reached skill level 1 in Polearms
  2468 | D:3      | Reached skill level 1 in Staves
  2468 | D:3      | Reached skill level 1 in Slings
  2468 | D:3      | Reached skill level 1 in Bows
  2468 | D:3      | Reached skill level 1 in Crossbows
  2468 | D:3      | Reached skill level 1 in Throwing
  2468 | D:3      | Reached skill level 1 in Armour
  2468 | D:3      | Reached skill level 1 in Shields
  2468 | D:3      | Reached skill level 1 in Unarmed Combat
  2468 | D:3      | Reached skill level 1 in Evocations
  2468 | D:3      | Reached XP level 4. HP: 18/32 MP: 11/11
  2612 | D:2      | Learned a level 3 spell: Call Canine Familiar
  2617 | D:2      | Learned a level 4 spell: Summon Lightning Spire
  2646 | D:3      | Noticed Terence
  2666 | D:3      | Killed Terence
  2667 | D:3      | Reached skill level 1 in Conjurations
  2667 | D:3      | Reached skill level 1 in Hexes
  2667 | D:3      | Reached skill level 1 in Necromancy
  2667 | D:3      | Reached skill level 1 in Translocations
  2667 | D:3      | Reached skill level 1 in Transmutations
  2667 | D:3      | Reached skill level 1 in Fire Magic
  2667 | D:3      | Reached skill level 1 in Ice Magic
  2667 | D:3      | Reached skill level 1 in Air Magic
  2667 | D:3      | Reached skill level 1 in Earth Magic
  2667 | D:3      | Reached skill level 1 in Poison Magic
  2699 | D:3      | Noticed Robin
  2709 | D:3      | Killed Robin
  2895 | D:3      | Reached XP level 5. HP: 26/37 MP: 9/12
  3375 | D:2      | Bought a pair of distressingly furry boots for 152 gold
                  | pieces
  3375 | D:2      | Identified the +2 pair of boots of the Scribe {Will+ Str+4
                  | Int+2 Slay+3} (You bought it in a shop on level 2 of the
                  | Dungeon)
  3517 | D:4      | Noticed Eustachio
  3550 | D:4      | Killed Eustachio
  3551 | D:4      | Reached XP level 6. HP: 22/44 MP: 11/14
  3722 | D:4      | Reached skill level 5 in Dodging
  4249 | D:4      | Noticed Sigmund
  4257 | D:4      | Killed Sigmund
  4258 | D:4      | Reached XP level 7. HP: 41/51 MP: 15/15
  4260 | D:4      | Found Ufoerch's Weapon Shop.
  4389 | D:5      | Entered Level 5 of the Dungeon
  4418 | D:5      | Reached skill level 5 in Stealth
  4505 | D:5      | Reached XP level 8. HP: 36/57 MP: 16/16
  4584 | D:5      | Noticed a shadow
  4604 | D:5      | Killed a shadow
  4716 | D:5      | Found a sand-covered staircase.
  4730 | Ossuary  | Entered an ossuary
  4992 | D:5      | Found Faniopof's General Store.
  5018 | D:5      | Bought a scroll of identify for 28 gold pieces
  5086 | D:5      | Found a sacrificial altar of Ru.
  5421 | D:6      | Reached XP level 9. HP: 65/65 MP: 18/18
  6443 | D:7      | Noticed Menkaure
  6451 | D:7      | Killed Menkaure
  6574 | D:7      | Reached skill level 5 in Invocations
  6615 | D:7      | Found a staircase to the Ecumenical Temple.
  6649 | Temple   | Entered the Ecumenical Temple
  6696 | Temple   | Became a worshipper of Uskayaw the Reveller
  6748 | D:7      | Found a transporter.
  6750 | D:7      | Identified the +1 cloak of the Good {Regen+}
  6753 | D:7      | Noticed a two-headed ogre
  6754 | D:7      | Noticed a moth of wrath
  6764 | D:7      | Noticed Tutankhamun's ghost (novice DsGl)
  6771 | D:7      | Reached * piety under Uskayaw
  6773 | D:7      | Reached ** piety under Uskayaw
  6778 | D:7      | Reached *** piety under Uskayaw
  6982 | D:7      | Found a transporter.
  7059 | D:7      | Found a bloodstained altar of Trog.
  7202 | D:7      | Reached XP level 10. HP: 61/73 MP: 20/20
  7204 | D:7      | Reached **** piety under Uskayaw
  7209 | D:7      | Reached ***** piety under Uskayaw
  7366 | D:8      | Noticed Maggie
  7386 | D:8      | Killed Maggie
  7387 | D:8      | Reached skill level 5 in Fighting
  7387 | D:8      | Reached skill level 5 in Short Blades
  7387 | D:8      | Reached skill level 5 in Long Blades
  7387 | D:8      | Reached skill level 5 in Axes
  7387 | D:8      | Reached skill level 5 in Maces & Flails
  7387 | D:8      | Reached skill level 5 in Polearms
  7387 | D:8      | Reached skill level 5 in Staves
  7387 | D:8      | Reached skill level 5 in Slings
  7387 | D:8      | Reached skill level 5 in Bows
  7387 | D:8      | Reached skill level 5 in Crossbows
  7387 | D:8      | Reached skill level 5 in Throwing
  7387 | D:8      | Reached skill level 5 in Armour
  7387 | D:8      | Reached skill level 5 in Shields
  7387 | D:8      | Reached skill level 5 in Unarmed Combat
  7387 | D:8      | Reached skill level 5 in Evocations
  7584 | D:8      | Identified the +5 falchion "Giantbane" {vamp, rF+ Will-
                  | Int+2 Dex+4}
  7779 | D:8      | Noticed Joseph
  7789 | D:8      | Killed Joseph
  7908 | D:9      | Found a runed translucent door.
  8128 | D:9      | Noticed a deep elf pyromancer
  8262 | D:9      | Noticed a two-headed ogre
  8278 | D:9      | Killed a two-headed ogre
  8279 | D:9      | Reached XP level 11. HP: 81/81 MP: 18/22
  8309 | D:9      | Identified the ring "Botuot" {rF+ rC+}
  8309 | D:9      | Noticed a tengu warrior
  8324 | D:9      | Killed a tengu warrior
  8325 | D:9      | Reached skill level 5 in Conjurations
  8325 | D:9      | Reached skill level 5 in Hexes
  8325 | D:9      | Reached skill level 5 in Necromancy
  8325 | D:9      | Reached skill level 5 in Translocations
  8325 | D:9      | Reached skill level 5 in Transmutations
  8325 | D:9      | Reached skill level 5 in Fire Magic
  8325 | D:9      | Reached skill level 5 in Ice Magic
  8325 | D:9      | Reached skill level 5 in Air Magic
  8325 | D:9      | Reached skill level 5 in Earth Magic
  8325 | D:9      | Reached skill level 5 in Poison Magic
  8342 | D:9      | Found a runed translucent door.
  8348 | D:9      | Noticed a centaur warrior
  8351 | D:9      | Identified the amulet of Kixoecau {Acrobat rCorr Slay+3}
  8370 | D:9      | Killed a centaur warrior
  8379 | D:9      | Identified the amulet "Iqeiklo" {Spirit rF+ Str+4}
  8426 | D:9      | Noticed a centaur warrior
  8438 | D:9      | Killed a centaur warrior
  8551 | D:9      | Found an iron altar of Okawaru.
  8552 | D:9      | Found a shadowy altar of Dithmenos.
  8571 | D:9      | Identified the ring "Nocay" {rElec rPois rN+ Dex-4}
  8571 | D:9      | Noticed a centaur warrior
  8606 | D:9      | Killed a centaur warrior
  9063 | D:9      | Noticed P0WERM0DE's ghost (novice TrCK)
  9087 | D:10     | Entered Level 10 of the Dungeon
  9087 | D:10     | Found a staircase to the Orcish Mines.
  9110 | D:10     | Noticed a brown ugly thing
  9118 | D:10     | Killed a brown ugly thing
  9167 | D:10     | Noticed a two-headed ogre
  9167 | D:10     | Noticed Sonja
  9182 | D:10     | Killed a two-headed ogre
  9184 | D:10     | Killed Sonja
  9412 | D:10     | Noticed a cyclops
  9426 | D:10     | Killed a cyclops
  9427 | D:10     | Reached XP level 12. HP: 89/89 MP: 17/24
  9450 | D:10     | Noticed a sun demon
  9528 | D:10     | Found a staircase to the Lair.
  9553 | D:10     | Reached ****** piety under Uskayaw
  9609 | D:10     | Found a glowing silver altar of Zin.
  9781 | Lair:1   | Entered Level 1 of the Lair of Beasts
  9786 | Lair:1   | Learned a level 3 spell: Ozocubu's Armour
 10319 | Lair:1   | Found the +6 shillelagh "Devastator" {shatter}
 10420 | Lair:1   | Noticed Fannar
 10444 | Lair:1   | Killed Fannar
 10549 | Lair:1   | Reached XP level 13. HP: 98/98 MP: 26/26
 10556 | Lair:1   | Noticed Erica
 10583 | Lair:1   | Killed Erica
 10594 | Lair:1   | Noticed Nergalle
 10717 | Lair:1   | Killed Nergalle
 11023 | Lair:2   | Noticed Urug
 11042 | Lair:2   | Killed Urug
 11209 | Lair:2   | Identified a scroll of acquirement
 11295 | Lair:2   | Reached skill level 10 in Summonings
 11928 | Lair:3   | Found a staircase to the Shoals.
 11987 | Lair:3   | Found a runed translucent door.
 11991 | Lair:3   | Noticed Lonelite's ghost (journeyman DECj)
 12096 | Lair:3   | Killed Lonelite's ghost
 12129 | Lair:3   | Reached skill level 10 in Spellcasting
 12712 | Lair:4   | Found a staircase to the Snake Pit.
 12756 | Lair:4   | Reached skill level 10 in Dodging
 12756 | Lair:4   | Reached XP level 14. HP: 105/106 MP: 15/28
 13133 | Lair:4   | Reached skill level 10 in Stealth
 13830 | Lair:5   | Reached skill level 10 in Invocations
 13943 | Lair:5   | Found a staircase to the Slime Pits.
 14754 | Lair:6   | Entered Level 6 of the Lair of Beasts
 15339 | Lair:6   | Found a corrupted altar of Lugonu.
 15339 | Lair:6   | Found a one-way gate to the infinite horrors of the Abyss.
 15363 | Lair:6   | Identified the +4 ring mail of Zued Jeo {Fly rN+++ Str-5
                  | Slay+2}
 15561 | Lair:6   | Reached XP level 15. HP: 115/115 MP: 25/29
 15834 | Lair:6   | Acquired 982 gold pieces
 15959 | Lair:6   | Reached skill level 10 in Fighting
 15959 | Lair:6   | Reached skill level 10 in Short Blades
 15959 | Lair:6   | Reached skill level 10 in Long Blades
 15959 | Lair:6   | Reached skill level 10 in Axes
 15959 | Lair:6   | Reached skill level 10 in Maces & Flails
 15959 | Lair:6   | Reached skill level 10 in Polearms
 15959 | Lair:6   | Reached skill level 10 in Staves
 15959 | Lair:6   | Reached skill level 10 in Slings
 15959 | Lair:6   | Reached skill level 10 in Bows
 15959 | Lair:6   | Reached skill level 10 in Crossbows
 15959 | Lair:6   | Reached skill level 10 in Throwing
 15959 | Lair:6   | Reached skill level 10 in Armour
 15959 | Lair:6   | Reached skill level 10 in Shields
 15959 | Lair:6   | Reached skill level 10 in Unarmed Combat
 15959 | Lair:6   | Reached skill level 10 in Evocations
 16490 | Lair:6   | Paralysed by a chaos spawn for 6 turns
 16510 | Lair:6   | Identified the +4 fustibalus "Goitif" {freeze, +Blink rF+
                  | Int+3 SInv}
 16932 | D:11     | Found Ciqits Woqe's Book Shop.
 16936 | D:11     | Identified the +0 robe of the Burnt Worm {rPois Will+}
 17453 | D:12     | Found Dicocute's Distillery.
 17460 | D:12     | Bought a potion of resistance for 100 gold pieces
 17460 | D:12     | Bought a potion of heal wounds for 50 gold pieces
 17990 | D:13     | Identified the +8 spear of the Uplifting Sybil {protect,
                  | Str+4 SInv}
 18141 | D:13     | Noticed Azrael
 18361 | D:13     | Found a frozen archway.
 18370 | IceCv    | Entered an ice cave
 19152 | D:13     | Killed Azrael
 19171 | D:13     | Reached XP level 16. HP: 63/123 MP: 31/31
 19280 | D:13     | Found a gate to the Vaults.
 19742 | D:14     | Found a runed translucent door.
 20564 | D:14     | Identified the +8 great sword of the Endless March {elec,
                  | rC+}
 20595 | D:15     | Entered Level 15 of the Dungeon
 20889 | D:15     | Learned a level 4 spell: Cause Fear
 20895 | D:15     | Learned a level 5 spell: Metabolic Englaciation
 21235 | D:15     | Found a staircase to the Depths.
 21338 | D:15     | Found the +9 staff of Wucad Mu {*channel}
 21771 | Orc:1    | Entered Level 1 of the Orcish Mines
 22004 | Orc:2    | Entered Level 2 of the Orcish Mines
 22136 | Orc:2    | Found a gate leading to a gauntlet.
 22170 | Gauntlet | Entered a Gauntlet
 22170 | Gauntlet | Found a transporter.
 22170 | Gauntlet | Found a transporter.
 22188 | Gauntlet | Found a transporter.
 22191 | Gauntlet | Found a transporter.
 22208 | Gauntlet | Found a transporter.
 22216 | Gauntlet | Found a transporter.
 22220 | Gauntlet | Found a transporter.
 22228 | Gauntlet | Found a transporter.
 22245 | Gauntlet | Found a transporter.
 22259 | Gauntlet | Found a transporter.
 22263 | Gauntlet | Found a transporter.
 22271 | Gauntlet | Found a transporter.
 22339 | Gauntlet | Identified the ring "Pucvidui" {AC+4 Int+5}
 22429 | Gauntlet | Noticed a storm dragon
 22429 | Gauntlet | a catoblepas changed into a storm dragon
 22441 | Gauntlet | a storm dragon changed into a minotaur
 22450 | Gauntlet | Identified the +1 helmet of the King of the Hill {Str+3}
 22716 | Orc:2    | Found Cuenguaw's General Store.
 22717 | Orc:2    | Found Wulitet's Antique Armour Emporium.
 22839 | Orc:2    | Found Woyc's Antique Armour Emporium.
 22894 | Orc:2    | Found Cytuef's Jewellery Shoppe.
 22903 | Orc:2    | Bought a +4 ring of slaying for 780 gold pieces
 22983 | Orc:2    | Found a staircase to the Elven Halls.
 23764 | D:14     | Identified the +1 scale mail of the Hundredfold Ships
                  | {rCorr Dex+4}
 23986 | D:2      | Bought a translucent scale mail for 144 gold pieces
 23986 | D:2      | Identified the +6 scale mail of Soikexi {Str+2} (You bought
                  | it in a shop on level 2 of the Dungeon)
 24001 | D:2      | Learned a level 4 spell: Leda's Liquefaction
 24007 | D:2      | Learned a level 5 spell: Irradiate
 24245 | Snake:1  | Entered Level 1 of the Snake Pit
 24304 | Snake:1  | Reached XP level 17. HP: 41/131 MP: 28/33
 24490 | Snake:1  | Found Soeq's Armour Shoppe.
 24643 | Snake:1  | Noticed Aizul
 24664 | Snake:1  | Killed Aizul
 24952 | Snake:2  | Found Alaraenn's Weapon Emporium.
 26513 | Snake:3  | Reached skill level 10 in Conjurations
 26513 | Snake:3  | Reached skill level 10 in Hexes
 26513 | Snake:3  | Reached skill level 10 in Necromancy
 26513 | Snake:3  | Reached skill level 10 in Translocations
 26513 | Snake:3  | Reached skill level 10 in Transmutations
 26513 | Snake:3  | Reached skill level 10 in Fire Magic
 26513 | Snake:3  | Reached skill level 10 in Ice Magic
 26513 | Snake:3  | Reached skill level 10 in Air Magic
 26513 | Snake:3  | Reached skill level 10 in Earth Magic
 26513 | Snake:3  | Reached skill level 10 in Poison Magic
 27039 | Snake:4  | Entered Level 4 of the Snake Pit
 27867 | Snake:4  | Noticed Mara
 27878 | Snake:4  | Noticed Flugkiller's illusion
 27942 | Snake:3  | Killed Mara
 27943 | Snake:3  | Reached XP level 18. HP: 132/140 MP: 14/35
 28557 | Snake:4  | Found Nezha's Dragon-Slaying Spoils.
 29001 | Snake:4  | Got a serpentine rune of Zot
 29243 | Shoals:1 | Entered Level 1 of the Shoals
 29334 | Shoals:1 | You fall into a shaft and drop 1 floor!
 29931 | Shoals:1 | Found a bloodstained altar of Trog.
 30596 | Shoals:2 | Noticed Ilsuiw
 30640 | Shoals:2 | Killed Ilsuiw
 30888 | Shoals:3 | Noticed Polyphemus
 31133 | Shoals:3 | Noticed Roxanne
 31463 | Shoals:3 | Noticed Mlioglotl
 31473 | Shoals:3 | Killed Mlioglotl
 31580 | Shoals:3 | Found Rammenk's Mayhem Merchandise.
 31944 | Shoals:3 | Killed Polyphemus
 32077 | Shoals:4 | Entered Level 4 of the Shoals
 32082 | Shoals:4 | Reached XP level 19. HP: 95/148 MP: 36/36
 32254 | Shoals:4 | Paralysed by an air elemental for 1 turns
 32363 | Shoals:4 | Paralysed by an air elemental for 1 turns
 32465 | Shoals:4 | Identified the +3 falchion "Qupieroe" {flame, MP+9}
 32529 | Shoals:4 | Paralysed by an air elemental for 1 turns
 33044 | Shoals:4 | Paralysed by an air elemental for 1 turns
 33079 | Shoals:4 | Paralysed by an air elemental for 1 turns
 33150 | Shoals:4 | Noticed Nikola
 33168 | Shoals:4 | Killed Nikola
 33189 | Shoals:4 | Cast into level 2 of the Abyss (merfolk impaler)
 33375 | Abyss:2  | Noticed a Hell Sentinel
 33825 | Abyss:3  | Found a corrupted altar of Lugonu.
 33827 | Shoals:4 | Escaped the Abyss
 33832 | Shoals:4 | Paralysed by an air elemental for 1 turns
 34094 | Shoals:4 | Got a barnacled rune of Zot
 34170 | Shoals:4 | Upgraded the game from 0.29-a0-308-g4e025c60ea to
                  | 0.29-a0-314-gb00dd7cb4b
 34383 | Vaults:1 | Entered Level 1 of the Vaults
 35277 | Vaults:1 | Reached XP level 20. HP: 107/157 MP: 28/38
 35524 | Vaults:1 | Found Ceguch Ymead's Armour Shop.
 35686 | Vaults:1 | Found a portal to a secret trove of treasure.
 36362 | Vaults:2 | Found Faahyoh's Weapon Shop.
 37014 | Vaults:2 | Reached skill level 15 in Invocations
 38171 | Vaults:3 | Found a staircase to the Crypt.
 38331 | Vaults:3 | Found a runed translucent gate.
 38331 | Vaults:3 | Found a runed translucent gate.
 38331 | Vaults:3 | Found a runed translucent gate.
 38333 | Vaults:3 | Noticed Plog's ghost (adept FeBe)
 38333 | Vaults:3 | Noticed Kuomush's ghost (veteran DgAE)
 38898 | Vaults:3 | Found Xuroveaph's Jewellery Emporium.
 39178 | Vaults:1 | Bought the +14 plate armour "Yraarph" {rElec} for 1573 gold
                  | pieces
 39364 | Vaults:4 | Reached XP level 21. HP: 69/165 MP: 29/39
 39489 | Vaults:4 | Reached skill level 15 in Spellcasting
 39909 | Vaults:4 | Reached skill level 15 in Dodging
 40090 | Vaults:4 | Identified the +2 ring mail of Ezou {rC- Dex+5 Slay+3}
 40141 | Vaults:4 | Noticed Wyasic's ghost (veteran SpEn)
 40143 | Vaults:4 | Found a transporter.
 40162 | Vaults:4 | Found a transporter.
 40222 | Vaults:4 | Reached skill level 15 in Stealth
 40579 | Vaults:4 | Identified the +6 hand axe "Veucaq" {speed, rF- rN+ Int+6}
 40807 | Depths:1 | Entered Level 1 of the Depths
 41361 | Depths:1 | Found an iron altar of Okawaru.
 41680 | Depths:1 | You fall into a shaft and drop 1 floor!
 41824 | Depths:1 | Noticed a juggernaut
 42004 | Depths:1 | Found a gateway to Hell.
 42150 | Depths:1 | Reached XP level 22. HP: 132/174 MP: 24/41
 42150 | Depths:1 | Killed a juggernaut
 42297 | Depths:2 | Found a stormy altar of Qazlal.
 42338 | Depths:2 | Found a one-way gate leading to the halls of Pandemonium.
 42568 | Depths:2 | Reached skill level 15 in Fighting
 42568 | Depths:2 | Reached skill level 15 in Short Blades
 42568 | Depths:2 | Reached skill level 15 in Long Blades
 42568 | Depths:2 | Reached skill level 15 in Axes
 42568 | Depths:2 | Reached skill level 15 in Maces & Flails
 42568 | Depths:2 | Reached skill level 15 in Polearms
 42568 | Depths:2 | Reached skill level 15 in Staves
 42568 | Depths:2 | Reached skill level 15 in Slings
 42568 | Depths:2 | Reached skill level 15 in Bows
 42568 | Depths:2 | Reached skill level 15 in Crossbows
 42568 | Depths:2 | Reached skill level 15 in Throwing
 42568 | Depths:2 | Reached skill level 15 in Armour
 42568 | Depths:2 | Reached skill level 15 in Shields
 42568 | Depths:2 | Reached skill level 15 in Unarmed Combat
 42568 | Depths:2 | Reached skill level 15 in Evocations
 42770 | Depths:2 | Found a bloodstained altar of Trog.
 43272 | Depths:2 | Got Sif Muna's Grimoire of Darkness and Displacement
 44132 | Depths:3 | Found a one-way gateway to a ziggurat.
 44702 | Depths:3 | Noticed a caustic shrike
 44714 | Depths:3 | Killed a caustic shrike
 44729 | Depths:3 | Paralysed by a hornet for 3 turns
 44733 | Depths:3 | Reached XP level 23. HP: 60/182 MP: 26/43
 44931 | Depths:3 | Noticed the Enchantress
 44934 | Depths:3 | Killed the Enchantress
 45555 | Depths:3 | Found a bloodstained altar of Trog.
 46476 | Depths:4 | Entered Level 4 of the Depths
 46563 | Depths:4 | Noticed a golden dragon
 46706 | Depths:4 | Killed a golden dragon
 47064 | Depths:4 | Found Lamorgh's Book Shop.
 47094 | Depths:4 | Reached skill level 15 in Summonings
 47219 | Depths:4 | Found Ybidd's General Store.
 47219 | Depths:4 | Found Heuleamev's Armour Shop.
 47224 | Depths:4 | Found Udar's Armour Boutique.
 47313 | Depths:4 | Found a gate to the Realm of Zot.
 47703 | Depths:4 | Noticed Parghit
 47723 | Depths:4 | Killed Parghit
 48250 | Depths:4 | Bought the +0 helmet of Skepticism {rC++ Will+} for 830
                  | gold pieces
 48592 | Vaults:4 | Learned a level 5 spell: Borgnjor's Vile Clutch
 48718 | Vaults:5 | Entered Level 5 of the Vaults
 48825 | Vaults:5 | Identified the +5 plate armour "Apnoh" {rElec}
 49140 | Vaults:5 | Noticed a dread lich
 49149 | Vaults:5 | Killed a dread lich
 49639 | Vaults:5 | Reached XP level 24. HP: 106/191 MP: 36/43
 50145 | Vaults:5 | Got the Disquisition on Unstable Fire
 50244 | Vaults:5 | Noticed Saint Roka
 50730 | Vaults:5 | Identified the +0 chain mail of the Harp {Str+6 Dex-5}
 50952 | Vaults:5 | Got the Reference Book on the Unstable Compass
 51291 | Vaults:5 | Identified the +0 plate armour "Qaonaucs" {SInv}
 51291 | Vaults:5 | Identified the ring of Accord {*Slow rPois rC++ MP+9 Str+6}
 51295 | Vaults:5 | Identified the +0 crystal plate armour "Icsus" {Str+3
                  | Slay+3}
 51312 | Vaults:5 | Killed Saint Roka
 51360 | Vaults:5 | Identified the +7 rapier of Uroips {flame, *Noise rN+
                  | rCorr}
 51384 | Vaults:5 | Identified the +3 dagger of Egomania {freeze, rC+ Int+2}
 51397 | Vaults:5 | Got a silver rune of Zot
 51825 | Zot:1    | Entered Level 1 of the Realm of Zot
 52041 | Zot:1    | Gained mutation: You are weak. (Str -2) [mutagenic glow]
 52260 | Zot:1    | Lost mutation: You are weak. (Str -2) [potion of mutation]
 52260 | Zot:1    | Gained mutation: Your flesh is cold resistant. (rC+)
                  | [potion of mutation]
 52260 | Zot:1    | Gained mutation: You are frail. (-10% HP) [potion of
                  | mutation]
 52260 | Zot:1    | Gained mutation: You possess an exceptional clarity of
                  | mind. [potion of mutation]
 52261 | Zot:1    | Lost mutation: You are frail. (-10% HP) [potion of
                  | mutation]
 52261 | Zot:1    | Lost mutation: You possess an exceptional clarity of mind.
                  | [potion of mutation]
 52261 | Zot:1    | Gained mutation: You have a pair of small horns on your
                  | head. [potion of mutation]
 52261 | Zot:1    | Gained mutation: You occasionally shout uncontrollably at
                  | your foes. [potion of mutation]
 52261 | Zot:1    | Gained mutation: You are agile. (Dex +2) [potion of
                  | mutation]
 52262 | Zot:1    | Lost mutation: Your flesh is cold resistant. (rC+) [potion
                  | of mutation]
 52262 | Zot:1    | Lost mutation: You occasionally shout uncontrollably at
                  | your foes. [potion of mutation]
 52262 | Zot:1    | Gained mutation: You have large cloven feet. [potion of
                  | mutation]
 52262 | Zot:1    | Gained mutation: Your body sometimes deteriorates upon
                  | taking damage. [potion of mutation]
 52262 | Zot:1    | Gained mutation: You passively dampen the noise of your
                  | surroundings. [potion of mutation]
 52263 | Zot:1    | Lost mutation: You have a pair of small horns on your head.
                  | [potion of mutation]
 52263 | Zot:1    | Lost mutation: You are agile. (Dex +2) [potion of mutation]
 52263 | Zot:1    | Lost mutation: You passively dampen the noise of your
                  | surroundings. [potion of mutation]
 52263 | Zot:1    | Gained mutation: Your magical capacity is low. (-10% MP)
                  | [potion of mutation]
 52263 | Zot:1    | Gained mutation: You are clumsy. (Dex -2) [potion of
                  | mutation]
 52264 | Zot:1    | Lost mutation: You are clumsy. (Dex -2) [potion of
                  | mutation]
 52264 | Zot:1    | Lost mutation: Your body sometimes deteriorates upon taking
                  | damage. [potion of mutation]
 52264 | Zot:1    | Gained mutation: Your body sometimes deteriorates upon
                  | taking damage. [potion of mutation]
 52264 | Zot:1    | Gained mutation: You are frail. (-10% HP) [potion of
                  | mutation]
 52265 | Zot:1    | Lost mutation: You have large cloven feet. [potion of
                  | mutation]
 52265 | Zot:1    | Lost mutation: Your magical capacity is low. (-10% MP)
                  | [potion of mutation]
 52265 | Zot:1    | Gained mutation: You tend to lose your temper in combat.
                  | [potion of mutation]
 52265 | Zot:1    | Gained mutation: Your muscles are strong. (Str +2) [potion
                  | of mutation]
 52265 | Zot:1    | Gained mutation: You are strong-willed. (Will+) [potion of
                  | mutation]
 52266 | Zot:1    | Lost mutation: You tend to lose your temper in combat.
                  | [potion of mutation]
 52266 | Zot:1    | Lost mutation: Your body sometimes deteriorates upon taking
                  | damage. [potion of mutation]
 52266 | Zot:1    | Gained mutation: You have supernaturally acute eyesight.
                  | (SInv) [potion of mutation]
 52266 | Zot:1    | Gained mutation: You have a somewhat thin skeletal
                  | structure. (Dex +2, Stealth+) [potion of mutation]
 52266 | Zot:1    | Gained mutation: Your movements are slightly less
                  | encumbered by armour. (ER -2) [potion of mutation]
 52361 | Zot:1    | HP: 8/173 [poisoned by a death drake (dark miasma)]
 52362 | Zot:1    | Engulfed by a death drake's foul pestilence

Illustrated notes

Levels and vault maps discovered:
D:1:      dpeg_arrival_solitude, layout_basic,
          hellmonk_ecumenical_altar_crossroads
D:2:      layout_basic, serial_shops, nicolae_shop_overgrown_old_shop,
          serial_bayou_pond_d, dreamdust_wishing_well
D:3:      layout_loops_ring, uniq_terence, uniq_robin
D:4:      layout_basic, serial_shops, nicolae_shop_bloodbath_and_beyond,
          uniq_eustachio, uniq_sigmund
D:5:      layout_cave_pools, nicolae_ru_the_path_less_chosen, serial_shops,
          shop, nicolae_ossuary_entry_catacombs, minivault_23
D:6:      dreamdust_elfheim, layout_loops_ring
D:7:      layout_basic, minmay_temple_entry_trees,
          gammafunk_ghost_wrathful_warriors, uniq_menkaure
D:8:      layout_cave_pools, uniq_joseph, uniq_maggie
D:9:      minmay_the_grid_triangle_9x9_recursive_2_mashed
          [minmay_the_grid_triangle_9x9_prize_special,
          minmay_the_grid_triangle_9x9_skeleton,
          minmay_the_grid_triangle_9x9_subtriangle,
          minmay_the_grid_triangle_9x9_swiss_cheese], layout_stronghold,
          amethyst_overflow_temple_binary, ebering_ghost_reflecting_pool
D:10:     kennysheep_spiral_hall, layout_rooms, mainiacjoe_overflow_paths,
          minmay_lair_entry_grove, grunt_decor_cap, minmay_checkerbox,
          uniq_sonja
D:11:     layout_cave_pools, serial_shops, shop
D:12:     layout_roguey, serial_shops, nicolae_shop_advertising_works
          [nicolae_subvault_shop_adworks], minmay_misc_feat_cross, minivault_27
D:13:     layout_irregular_city, david_vaults_4,
          portal_ice_cave_entry_pillars_1, uniq_azrael
D:14:     layout_roguey, serial_park_tiny_2, minmay_st_funbox,
          kennysheep_generic_room_8
D:15:     grunt_enter_depths_hoard, layout_loops_ring, minivault_5,
          corexii_hall_statues_i
Temple:   dpeg_five_rooms_temple
Lair:1:   kb_forest_paths, layout_regular_city, uniq_erica, uniq_fannar,
          uniq_nergalle
Lair:2:   layout_gridlike, chequers_serial_rivers_micro_b, minivault_24,
          serial_bayou_shore_a, uniq_urug
Lair:3:   layout_chaotic_city, elwin_shoals_entry_rocks,
          hellmonk_ghost_happy_afterlife, lemuel_fruit_fields,
          grunt_megastairs_4, lemuel_fruit_tree, serial_bayou_shore_b
Lair:4:   layout_small_grid, minmay_snake_entry_guardpost_small
Lair:5:   layout_layer_cave, minmay_slime_entry_oklob_enclosed,
          beast_lair_carwin_5
Lair:6:   hellmonk_lair_end_abyssal_woods, layout_regular_city
Shoals:1: layout_shoals, lemuel_centaur_altar
Shoals:2: layout_shoals, nicolae_shoals_beach_house_on_fowls_legs, uniq_ilsuiw
Shoals:3: layout_shoals, minmay_shop_mayhem,
          nicolae_shoals_water_elemental_grotto, uniq_mlioglotl, uniq_roxanne,
          uniq_polyphemus
Shoals:4: shoals_end_hellmonk_storm_palace [storm_palace_center_circular,
          storm_palace_corner_pillars, storm_palace_corner_reverse_hut,
          storm_palace_corner_narrow, storm_palace_corner_grid], uniq_nikola
Snake:1:  layout_grid_shapes, serial_shops, shop, grunt_megastairs_1, uniq_aizul
Snake:2:  layout_grid_shapes, serial_shops, shop
Snake:3:  layout_honeycomb
Snake:4:  johnstein_snake_rune_scales, layout_chambers,
          nicolae_shop_dragon_depot, st_stairs_13, uniq_mara
Orc:1:    layout_caves
Orc:2:    st_orc_open, layout_diamond_mine, gauntlet_entry_generic
Vaults:1: ontoclasm_vaults_ring_square, v_misc_27, hangedman_vaults_stream,
          nicolae_vaults_specimen_jars, vaults_room_grunt_arrival_ludios,
          ontoclasm_vaults_misaligned, ontoclasm_vaults_pinch,
          vaults_dpeg_cross, v_misc_17, grunt_vaults_funnel,
          layout_vaults_omnibox, serial_shops, nicolae_shop_trees,
          nicolae_trove_entry_columns
Vaults:2: v_misc_10, nicolae_vaults_windows_and_doors_thing,
          vaults_dpeg_diagonal, nicolae_vaults_yaktaur_gun_rack,
          nicolae_vaults_theta, nicolae_vaults_shelves_hall,
          hangedman_vaults_nails, vaults_room_hallway,
          ontoclasm_vaults_decontamination, hangedman_vaults_cutoff,
          layout_vaults_omnigrid, serial_shops, shop
Vaults:3: gammafunk_ghost_cemetery, vaults_room_semicircle,
          ontoclasm_vaults_ligature, v_alt_pattern_2, vaults_room_fancy_cross,
          ontoclasm_vaults_fault, v_rooms_4, v_misc_15, v_misc_30, v_misc_26,
          grunt_vaults_hallway_long, minmay_crypt_entry_nasty_monster,
          ontoclasm_vaults_shuriken, layout_vaults_maze, serial_shops,
          shop_coins
Vaults:4: gammafunk_ghost_mausoleum, vaults_mumra_hex, vaults_standard_mumra_x,
          hangedman_vaults_capsules, vaults_room_guarded_vault,
          nicolae_vaults_little_squares_4, hangedman_vaults_slice,
          hangedman_vaults_stretched_pinwheel, grunt_vaults_focal,
          hangedman_vaults_impose, hangedman_vaults_impose, layout_vaults_ring
Vaults:5: uniq_saint_roka
Depths:1: layout_twisted_cross, hell_entry, okawaru_trees_1,
          minmay_room_of_horrors, grunt_ministairs_11, minivault_12
Depths:2: cell_vault, layout_cave_pools, grunt_hell_entry_dis_mu,
          nicolae_qazlal_style_of_elements, rand_demon_pan_entry_7, tgw_trog
Depths:3: spriggan_forest, hell_entry, abyss_entry, serial_shops
Depths:4: evilmike_zot_entry_basic, layout_small_grid,
          chequers_serial_rivers_micro_c, pan_entry, hellmouth_3,
          minmay_shoptagon, uniq_parghit, uniq_enchantress
Zot:1:    layout_onion_interference

Skill      XL: |  1  2  3  4  5  6  7  8  9 10 11 12 13 14 15 16 17 18 19 20 21 22 23 24 |
---------------+-------------------------------------------------------------------------+-----
Spellcasting   | 5 6 7 8 9 10 11 12 13 14 15 16 17 | 17.2
Invocations    | 1 2 3 4 5 6 7 8 9 10 11 12 13 14 15 16 17 | 17.9
Fighting       | 1 2 3 4 5 6 7 8 9 10 11 12 13 14 15 16 | 16.5
Short Blades   | 1 2 3 4 5 6 7 8 9 10 11 12 13 14 15 16 | 16.5
Long Blades    | 1 2 3 4 5 6 7 8 9 10 11 12 13 14 15 16 | 16.5
Axes           | 1 2 3 4 5 6 7 8 9 10 11 12 13 14 15 16 | 16.5
Maces & Flails | 1 2 3 4 5 6 7 8 9 10 11 12 13 14 15 16 | 16.5
Polearms       | 1 2 3 4 5 6 7 8 9 10 11 12 13 14 15 16 | 16.5
Staves         | 1 2 3 4 5 6 7 8 9 10 11 12 13 14 15 16 | 16.5
Slings         | 1 2 3 4 5 6 7 8 9 10 11 12 13 14 15 16 | 16.5
Bows           | 1 2 3 4 5 6 7 8 9 10 11 12 13 14 15 16 | 16.5
Crossbows      | 1 2 3 4 5 6 7 8 9 10 11 12 13 14 15 16 | 16.5
Throwing       | 1 2 3 4 5 6 7 8 9 10 11 12 13 14 15 16 | 16.5
Armour         | 1 2 3 4 5 6 7 8 9 10 11 12 13 14 15 16 | 16.5
Shields        | 1 2 3 4 5 6 7 8 9 10 11 12 13 14 15 16 | 16.5
Unarmed Combat | 1 2 3 4 5 6 7 8 9 10 11 12 13 14 15 16 | 16.5
Evocations     | 1 2 3 4 5 6 7 8 9 10 11 12 13 14 15 16 | 16.5
Conjurations   | 1 2 3 4 5 6 7 8 9 10 11 12 13 14 | 14.1
Hexes          | 1 2 3 4 5 6 7 8 9 10 11 12 13 14 | 14.1
Necromancy     | 1 2 3 4 5 6 7 8 9 10 11 12 13 14 | 14.1
Translocations | 1 2 3 4 5 6 7 8 9 10 11 12 13 14 | 14.1
Transmutations | 1 2 3 4 5 6 7 8 9 10 11 12 13 14 | 14.1
Fire Magic     | 1 2 3 4 5 6 7 8 9 10 11 12 13 14 | 14.1
Ice Magic      | 1 2 3 4 5 6 7 8 9 10 11 12 13 14 | 14.1
Air Magic      | 1 2 3 4 5 6 7 8 9 10 11 12 13 14 | 14.1
Earth Magic    | 1 2 3 4 5 6 7 8 9 10 11 12 13 14 | 14.1
Poison Magic   | 1 2 3 4 5 6 7 8 9 10 11 12 13 14 | 14.1
Dodging        | 5 6 7 8 9 10 11 12 13 14 15 16 17 | 17.1
Stealth        | 5 6 7 8 9 10 11 12 13 14 15 16 17 | 17.0
Summonings     | 8 9 10 11 12 13 14 15 | 15.6

Action                   |  1- 3 |  4- 6 |  7- 9 | 10-12 | 13-15 | 16-18 | 19-21 | 22-24 || total
-------------------------+-------+-------+-------+-------+-------+-------+-------+-------++-------
Melee: Unarmed           |     6 |       |       |       |       |       |       |       ||     6
       Mace              |   101 |     8 |       |       |       |       |       |       ||   109
       Bite              |    12 |     8 |    18 |    53 |   119 |       |       |       ||   210
       Punch             |     1 |     1 |     4 |    11 |       |       |       |       ||    17
       Dagger            |       |    78 |   161 |    42 |       |       |       |       ||   281
       Falchion          |       |       |       |   373 |   647 |       |       |       ||  1020
       Shillelagh        |       |       |       |    11 |       |       |       |       ||    11
       Scimitar          |       |       |       |       |     3 |       |       |       ||     3
 Fire: Fustibalus        |       |       |       |       |   416 |   428 |       |       ||   844
       Longbow           |       |       |       |       |       |  1643 |  1814 |  1889 ||  5346
 Cast: Summon Small Mamm |    34 |    10 |       |       |       |       |       |       ||    44
       Call Canine Famil |       |    10 |    24 |    20 |    45 |     5 |       |       ||   104
       Summon Lightning  |       |       |     6 |    18 |    82 |     3 |    15 |     3 ||   127
       Ozocubu's Armour  |       |       |       |       |     5 |       |     3 |       ||     8
       Metabolic Englaci |       |       |       |       |       |    36 |    18 |    13 ||    67
       Cause Fear        |       |       |       |       |       |    12 |     2 |       ||    14
       Irradiate         |       |       |       |       |       |    30 |    50 |    95 ||   175
       Leda's Liquefacti |       |       |       |       |       |     6 |     2 |     2 ||    10
       Borgnjor's Vile C |       |       |       |       |       |       |       |     8 ||     8
Invok: Stomp             |       |       |       |     2 |     3 |     8 |     2 |     1 ||    16
       Line Pass         |       |       |       |     1 |       |       |       |     2 ||     3
       Grand Finale      |       |       |       |       |       |     3 |    11 |    13 ||    27
Evoke: Wand              |       |     1 |     1 |       |     4 |     7 |     4 |     1 ||    18
       Phial of floods   |       |       |       |       |     2 |       |       |       ||     2
       Condenser vane    |       |       |       |       |       |     1 |       |     3 ||     4
  Use: Scroll            |     3 |     3 |     8 |     2 |    15 |     8 |     2 |    12 ||    53
       Potion            |       |     1 |       |     2 |       |     2 |     3 |    22 ||    30
 Stab: Distracted        |     1 |       |       |     5 |    17 |       |       |       ||    23
       Sleeping          |     3 |     3 |    11 |     7 |     7 |       |       |       ||    31
       Paralysed         |       |       |     1 |    27 |    44 |       |       |       ||    72
Armor: Robe              |    28 |    26 |    49 |   169 |   235 |   123 |       |       ||   630
       Scale mail        |       |       |       |       |       |   489 |   274 |       ||   763
       Plate armour      |       |       |       |       |       |       |   339 |  1129 ||  1468
Dodge: Dodged            |   114 |    57 |    77 |   367 |   664 |   783 |   576 |   628 ||  3266
       Repelled          |       |       |     1 |       |       |       |       |       ||     1
Block: Buckler           |       |       |       |    65 |   384 |    96 |       |       ||   545

Table legend: (Time is in decaauts)
 A = Elapsed time spent in this place.
 B = Non-inter-level travel time spent in this place.
 C = Inter-level travel time spent in this place.
 D = Time resting spent in this place.
 E = Time spent auto-exploring this place.
 F = Levels seen in this place.
 G = Mean time per level.
                   A        B        C        D        E       F      G
               +--------+--------+--------+--------+--------+-----+--------+
         Total |  52737 |  49005 |   3732 |   8871 |  24657 |  47 | 1122.1 |
       Dungeon |  15342 |  13728 |   1614 |   1956 |   7986 |  15 | 1022.8 |
        Temple |     78 |     48 |     30 |      0 |     37 |   1 |   78.0 |
          Lair |   7016 |   6569 |    447 |    697 |   3838 |   6 | 1169.3 |
        Shoals |   4519 |   4355 |    164 |    875 |   1986 |   4 | 1129.8 |
     Snake Pit |   4941 |   4800 |    141 |    910 |   2525 |   4 | 1235.2 |
  Orcish Mines |   1250 |   1151 |     99 |     33 |    693 |   2 |  625.0 |
        Vaults |   9480 |   8766 |    714 |   2151 |   3887 |   5 | 1896.0 |
        Depths |   7717 |   7198 |    519 |   1518 |   3276 |   4 | 1929.2 |
           Zot |    579 |    579 |      0 |    237 |     98 |   1 |  579.0 |
         Abyss |    629 |    629 |      0 |    322 |      0 |   2 |  314.5 |
       Ossuary |    211 |    211 |      0 |      7 |     99 |   1 |  211.0 |
      Ice Cave |    559 |    559 |      0 |    127 |    123 |   1 |  559.0 |
      Gauntlet |    411 |    411 |      0 |     36 |    107 |   1 |  411.0 |
               +--------+--------+--------+--------+--------+-----+--------+

Top non-repeatable levels by time:
Depths:3: 2884 daAuts
Vaults:5: 2719 daAuts
 Snake:4: 1952 daAuts
Vaults:1: 1907 daAuts
Vaults:2: 1792 daAuts
Depths:2: 1776 daAuts
  Lair:6: 1704 daAuts
     D:1: 1680 daAuts
Vaults:4: 1619 daAuts
Depths:4: 1617 daAuts
 Snake:3: 1524 daAuts
    D:13: 1443 daAuts
Vaults:3: 1441 daAuts
Depths:1: 1439 daAuts
Shoals:4: 1353 daAuts
